 Dungeon Crawl Stone Soup version 0.28.0-53-g5a82cb258f (webtiles) character file.

Game seed: 14136886261306843120

722 issech the Chopper (level 7, 0/62 HPs)
             Began as a Minotaur Monk on June 19, 2022.
             Slain by an orc warrior
             ... wielding a +0 battleaxe
              (8 damage)
             ... on level 5 of the Dungeon.
             The game lasted 00:10:42 (4267 turns).

issech the Chopper (Minotaur Monk)                  Turns: 4267, Time: 00:10:43

Health: 0/62       AC:  7    Str: 21    XL:     7   Next: 43%
Magic:  6/6        EV: 13    Int:  7    God:
Gold:   158        SH:  0    Dex: 15    Spells: 6/6 levels left

rFire   . . .      SeeInvis .   a - +0 hand axe
rCold   . . .      Faith    .   (no shield)
rNeg    . . .      Spirit   .   c - +0 ring mail
rPois   .          Reflect  .   (helmet restricted)
rElec   .          Harm     .   (no cloak)
rCorr   .          Rampage  .   f - +0 pair of gloves
Will    .....                   (no boots)
Stlth   +.........              (no amulet)
HPRegen 0.20/turn               r - +6 ring of strength
MPRegen 0.10/turn               (no ring)

@: no status effects
A: horns 2, retaliatory headbutt
a: no special abilities


You were on level 5 of the Dungeon.
You visited 1 branch of the dungeon, and saw 5 of its levels.

You collected 158 gold pieces.

Inventory:

Hand Weapons
 a - a +0 hand axe (weapon)
 m - a +0 scythe
 q - a +0 trident
 t - a +0 flail
 u - a +0 halberd
 z - a +0 great sword
Missiles
 b - 118 stones (quivered)
 w - 4 poisoned darts
 y - 16 sling bullets
Armour
 c - a +0 ring mail (worn)
 f - a +0 pair of gloves (worn)
 l - an orb of mayhem
Magical Staves
 j - a staff of conjuration
Jewellery
 e - a ring of resist corrosion
 r - a +6 ring of strength (left hand)
Wands
 A - a wand of iceblast (8)
Scrolls
 g - 2 scrolls of immolation
 i - a scroll of blinking
 k - 2 scrolls of teleportation
 n - a scroll of enchant weapon {unknown}
 p - a scroll of enchant armour {unknown}
 s - 3 scrolls of vulnerability {unknown}
 v - a scroll of noise {unknown}
Potions
 d - a potion of might {unknown}
 h - 2 potions of invisibility {unknown}
 o - a potion of flight {unknown}
 x - a potion of degeneration {unknown}


   Skills:
 + Level 5.7 Fighting
 + Level 7.2 Axes
 + Level 4.3 Armour
 + Level 4.7 Dodging
 + Level 2.1 Stealth


You had 6 spell levels left.
You didn't know any spells.
Your spell library contained the following spells:

 Spells                   Type           Power      Damage    Failure   Level
 Sublimation of Blood     Necr           0%         N/A       73%         2
 Petrify                  Tmut/Erth      0%         N/A       100%        4
 Irradiate                Conj/Tmut      0%         3d13      100%        5


Dungeon Overview and Level Annotations

Branches:
Dungeon (5/15)
 Temple: D:4-7

Altars:
Okawaru
Sif Muna
Beogh

Annotations:
D:4 3 runed translucent doors, Valamore's ghost, novice HuFi


Innate Abilities, Weirdness & Mutations

You have a pair of horns on your head.
You reflexively headbutt those who attack you in melee.


Message History

The orc wizard hits you but does no damage.
You closely miss the orc wizard.
The orc wizard is heavily wounded.
You barely miss the orc warrior.
An orc comes into view. It is wielding a +0 mace.
The orc wizard casts a spell at you. You resist with some effort.
The orc warrior closely misses you.
You closely miss the orc wizard.
The orc wizard is heavily wounded.
The orc shouts!
You hit the orc warrior. The orc wizard barely misses you.
You furiously retaliate!
You headbutt the orc wizard!
You kill the orc wizard!
The orc warrior hits you with a +0 battleaxe!
You barely miss the orc warrior. You punch the orc warrior.
The orc warrior is moderately wounded.
You closely miss the orc warrior. Your headbutt misses the orc warrior.
The orc warrior is moderately wounded.
The orc warrior hits you with a +0 battleaxe.
You hit the orc warrior but do no damage.
Your headbutt misses the orc warrior.
The orc warrior is lightly wounded.
The orc warrior hits you with a +0 battleaxe!
You closely miss the orc warrior.
The orc warrior is lightly wounded.
The orc warrior hits you with a +0 battleaxe!!
* * * LOW HITPOINT WARNING * * *
You closely miss the orc warrior. Your headbutt misses the orc warrior.
The orc warrior is lightly wounded.
You completely miss the orc.
The orc warrior hits you with a +0 battleaxe!
* * * LOW HITPOINT WARNING * * *
The orc misses you. You furiously retaliate!
You headbutt the orc, but do no damage.
An ogre comes into view. It is wielding a +0 giant club.
The ogre shouts!
Found a tower shield.
You open the door.
The orc warrior hits you with a +0 battleaxe!
You die...

####.##.## #. #..# #.
##o# #. #.##
#######+###..#
#............#
#.....O.......#
###.###.................
......'@oo........#...##
##.########.......##..#
#.............
#+#..#......## #..#..##.
# ..# .# .#


You could see an orc warrior, an ogre and an orc.

Vanquished Creatures
  Sigmund (D:2)
  A black bear (D:4)
  An ogre (D:4)
  A water moccasin skeleton (D:4)
  An orc priest (D:4)
  A centaur skeleton (D:4)
  A gnoll shaman (D:4)
  2 orc wizards
  A hound skeleton (D:4)
  5 gnolls (D:4)
  5 adders
  2 worms
  2 dart slugs
  14 orcs
  6 bats
  3 endoplasms
  8 goblins
  7 hobgoblins
  4 jackals (D:1)
  2 quokkas
  4 ball pythons (D:3)
  5 kobolds
  8 rats
85 creatures vanquished.

Notes
Turn   | Place    | Note
-------+----------+-------------------------------------------
     0 | D:1      | issech the Minotaur Monk began the quest for the Orb.
     0 | D:1      | Reached XP level 1. HP: 19/19 MP: 0/0
   208 | D:1      | Found a faded altar of an unknown god.
   295 | D:1      | Reached XP level 2. HP: 27/27 MP: 1/1
   448 | D:1      | Reached skill level 4 in Axes
   719 | D:2      | Noticed Sigmund
   960 | D:2      | Reached XP level 3. HP: 33/33 MP: 2/2
  1173 | D:2      | Found a shimmering blue altar of Sif Muna.
  1288 | D:2      | Reached skill level 1 in Armour
  1645 | D:2      | Killed Sigmund
  1646 | D:2      | Reached skill level 5 in Axes
  1646 | D:2      | Reached XP level 4. HP: 19/41 MP: 3/3
  1646 | D:2      | Reached XP level 5. HP: 22/47 MP: 4/4
  2133 | D:3      | Reached skill level 5 in Fighting
  2243 | D:3      | Reached XP level 6. HP: 51/56 MP: 5/5
  2996 | D:4      | Reached skill level 6 in Axes
  3392 | D:4      | Reached XP level 7. HP: 40/61 MP: 6/6
  3839 | D:4      | Reached skill level 7 in Axes
  3875 | D:4      | Found an iron altar of Okawaru.
  3976 | D:4      | Found a runed translucent gate.
  3979 | D:4      | Found a runed translucent gate.
  3979 | D:4      | Found a runed translucent gate.
  3983 | D:4      | Noticed Valamore's ghost (novice HuFi)
  4228 | D:5      | Entered Level 5 of the Dungeon
  4267 | D:5      | Slain by an orc warrior

Illustrated notes

Levels and vault maps discovered:
D:1:      denvon_arrival_waterhouse, layout_rooms,
          ebering_ecumenical_altar_hall, minmay_misc_feat_iff
D:2:      wander_river, layout_basic, basic_altar, minmay_pentomino_t2,
          uniq_sigmund
D:3:      layout_loops_ring, kennysheep_generic_room_3
D:4:      layout_cave_pools, okawaru_altar_gauntlet_db,
          biasface_ghost_orc_armoury, hangedman_decor_points,
          nrook_mini_backslash
D:5:      layout_basic, nicolae_wu_jian_immortal_techniques, serial_shops,
          nicolae_lakefront_shop, kennysheep_small_spiral

Skill      XL: |  1  2  3  4  5  6  7 |
---------------+----------------------+-----
Fighting       | 4 5 |  5.7
Axes           | 4 5 6 7 |  7.2
Armour         | 2 3 4 |  4.3
Dodging        | 4 |  4.7
Stealth        | 2 |  2.1

Action                   |  1- 3 |  4- 6 |  7- 9 || total
-------------------------+-------+-------+-------++-------
Melee: Hand axe          |    67 |   126 |    46 ||   239
       Headbutt          |    14 |    21 |     6 ||    41
       Punch             |     1 |     1 |     2 ||     4
Throw: Stone             |     3 |       |     1 ||     4
  Use: Scroll            |       |       |     3 ||     3
Armor: Robe              |     3 |       |       ||     3
       Ring mail         |    21 |    40 |     7 ||    68
Dodge: Dodged            |    46 |    85 |    35 ||   166
